[ AOE2 MATCH · #482014057 ]
UnrankedVietnamese vs Berbers
Player's team · LOSS
[ REPLAY ANALYSIS · EXTRACTED FROM THE RECORDED GAME ]
Feudal
12:46
Castle
30:31
Imperial
—
| APM avg | 67.3 |
| APM peak | 124 |
| eAPM avg | 25.0 |
| Villagers / military | 82 / 69 |
Focus
⚔️ 29.3% · 🌾 70.7%
Archer ×52 · Fire Lancer ×14 · Spearman ×3
Feudal
13:23
Castle
24:57
Imperial
—
| APM avg | 24.5 |
| APM peak | 59 |
| eAPM avg | 12.5 |
| Villagers / military | 54 / 32 |
Focus
⚔️ 25.5% · 🌾 74.5%
Archer ×19 · Genitour ×6 · Scorpion ×4 · Skirmisher ×2 · Mangonel ×1
Feudal
11:14
Castle
26:41
Imperial
—
| APM avg | 40.1 |
| APM peak | 81 |
| eAPM avg | 15.9 |
| Villagers / military | 83 / 34 |
Focus
⚔️ 27.4% · 🌾 72.6%
Scout Cavalry ×15 · Knight ×14 · Camel Scout ×5
Feudal
14:28
Castle
24:25
Imperial
—
| APM avg | 45.9 |
| APM peak | 76 |
| eAPM avg | 20.0 |
| Villagers / military | 77 / 70 |
Focus
⚔️ 37.0% · 🌾 63.0%
Cavalry Archer ×49 · Skirmisher ×11 · Militia ×7 · Archer ×3
Feudal
13:59
Castle
17:44
Imperial
—
| APM avg | 55.0 |
| APM peak | 83 |
| eAPM avg | 21.3 |
| Villagers / military | 217 / 47 |
Focus
⚔️ 19.3% · 🌾 80.7%
Cavalry Archer ×46 · Mangonel ×1
Feudal
12:38
Castle
31:56
Imperial
—
| APM avg | 62.9 |
| APM peak | 119 |
| eAPM avg | 25.4 |
| Villagers / military | 61 / 25 |
Focus
⚔️ 42.9% · 🌾 57.1%
Skirmisher ×7 · Cavalry Archer ×7 · Archer ×6 · Spearman ×5
Feudal
12:50
Castle
26:07
Imperial
—
| APM avg | 67.1 |
| APM peak | 164 |
| eAPM avg | 42.5 |
| Villagers / military | 93 / 64 |
Focus
⚔️ 64.1% · 🌾 35.9%
Ghulam ×36 · Archer ×13 · Skirmisher ×13 · Monk ×2
Feudal
14:11
Castle
18:37
Imperial
—
| APM avg | 23.2 |
| APM peak | 40 |
| eAPM avg | 14.1 |
| Villagers / military | 67 / 58 |
Focus
⚔️ 36.5% · 🌾 63.5%
Knight ×58
Match map
Initial resources + every placement click. Lines = walls · curves = elevation contours. ◆ gold · ⬟ stone · ● berries · ✦ relic · ◌ wall gap
Your base· Open — unwalled flank
AiM | PoRRo's base· Open — unwalled flank
NPG | Bandio's base· Open — unwalled flank
NPG | DR@CA's base· Open — 11t gap
NPG | Vacuno!'s base· Open — 10t gap
AiM | CyclopsTron's base· Open — unwalled flank
Shimishi Maki's base· Open — unwalled flank
AiM | Agua Cate 98's base· Open — unwalled flank
Smoothed initial terrain · ◌ = detected wall gap · hover for details
Inputs per minute
— AiM | Fubuki's Best Friend - - AiM | PoRRo
Build order — AiM | Fubuki's Best Friend
First 150 of 224 actions detected
| 1:06 | Build | Town Center |
| 2:22 | Build | House |
| 2:25 | Build | House |
| 3:13 | Create | Villager (Male) |
| 3:13 | Create | Villager (Male) |
| 3:14 | Create | Villager (Male) |
| 3:14 | Create | Villager (Male) |
| 3:14 | Create | Villager (Male) |
| 3:14 | Create | Villager (Male) |
| 4:29 | Create | Villager (Male) |
| 4:30 | Create | Villager (Male) |
| 4:51 | Create | Villager (Male) |
| 4:51 | Create | Villager (Male) |
| 5:20 | Build | House |
| 5:31 | Create | Villager (Male) |
| 5:32 | Create | Villager (Male) |
| 5:32 | Create | Villager (Male) |
| 5:50 | Build | Lumber Camp |
| 5:52 | Build | House |
| 6:01 | Create | Villager (Male) |
| 6:07 | Build | House |
| 6:15 | Build | House |
| 6:30 | Build | House |
| 6:44 | Create | Villager (Male) |
| 6:44 | Create | Villager (Male) |
| 6:49 | Build | House |
| 6:50 | Build | House |
| 7:09 | Research | Loom |
| 7:13 | Create | Villager (Male) |
| 7:13 | Create | Villager (Male) |
| 8:15 | Create | Villager (Male) |
| 8:16 | Create | Villager (Male) |
| 8:16 | Create | Villager (Male) |
| 8:16 | Create | Villager (Male) |
| 8:16 | Create | Villager (Male) |
| 8:21 | Build | House |
| 8:37 | Build | House |
| 9:05 | Create | Villager (Male) |
| 9:05 | Create | Villager (Male) |
| 9:08 | Create | Villager (Male) |
| 9:08 | Create | Villager (Male) |
| 9:36 | Build | Mining Camp |
| 10:36 | Research | Feudal Age |
| 10:37 | Research | Feudal Age |
| 11:20 | Build | Barracks |
| 12:23 | Build | Lumber Camp |
| 12:46 | Age | Feudal Age |
| 12:50 | Build | Archery Range |
| 12:51 | Create | Villager (Male) |
| 12:55 | Build | Blacksmith |
| 12:59 | Create | Villager (Male) |
| 13:11 | Create | Spearman |
| 13:35 | Create | Villager (Male) |
| 13:47 | Create | Archer |
| 13:47 | Create | Archer |
| 13:57 | Build | House |
| 14:02 | Build | Palisade Wall |
| 14:07 | Build | Palisade Wall |
| 14:10 | Create | Villager (Male) |
| 14:11 | Create | Villager (Male) |
| 14:11 | Create | Villager (Male) |
| 14:13 | Create | Archer |
| 14:14 | Create | Archer |
| 14:26 | Build | House |
| 14:35 | Create | Archer |
| 15:04 | Build | House |
| 15:06 | Build | Palisade Wall |
| 15:11 | Create | Villager (Male) |
| 15:11 | Create | Villager (Male) |
| 15:11 | Create | Villager (Male) |
| 15:11 | Create | Villager (Male) |
| 15:17 | Create | Archer |
| 15:17 | Create | Archer |
| 15:22 | Build | Archery Range |
| 15:27 | Build | Palisade Wall |
| 15:32 | Build | House |
| 15:48 | Create | Archer |
| 15:48 | Create | Archer |
| 16:02 | Research | Fletching |
| 16:14 | Create | Villager (Male) |
| 16:26 | Create | Archer |
| 16:26 | Create | Archer |
| 16:26 | Create | Archer |
| 16:30 | Create | Villager (Male) |
| 16:56 | Create | Villager (Male) |
| 17:01 | Build | Watch Tower |
| 17:21 | Create | Villager (Male) |
| 17:23 | Create | Archer |
| 17:23 | Create | Archer |
| 17:30 | Create | Villager (Male) |
| 17:56 | Build | House |
| 18:03 | Create | Villager (Male) |
| 18:12 | Build | Mill |
| 18:18 | Research | Double-Bit Axe |
| 18:18 | Research | Double-Bit Axe |
| 18:25 | Build | House |
| 18:32 | Create | Archer |
| 18:34 | Create | Archer |
| 18:34 | Create | Archer |
| 18:50 | Create | Villager (Male) |
| 19:05 | Build | House |
| 19:11 | Build | House |
| 19:14 | Create | Archer |
| 19:14 | Create | Archer |
| 19:25 | Create | Villager (Male) |
| 19:47 | Build | House |
| 19:52 | Create | Villager (Male) |
| 20:02 | Create | Villager (Male) |
| 20:16 | Create | Archer |
| 20:16 | Create | Archer |
| 20:20 | Build | House |
| 20:36 | Create | Villager (Male) |
| 20:38 | Create | Archer |
| 21:05 | Build | Lumber Camp |
| 21:09 | Create | Archer |
| 21:09 | Create | Archer |
| 21:10 | Create | Villager (Male) |
| 21:11 | Create | Villager (Male) |
| 21:24 | Create | Archer |
| 21:25 | Create | Archer |
| 21:33 | Create | Villager (Male) |
| 21:39 | Create | Villager (Male) |
| 22:04 | Create | Villager (Male) |
| 22:09 | Build | House |
| 22:10 | Build | Palisade Wall |
| 22:12 | Build | Palisade Wall |
| 22:20 | Create | Villager (Male) |
| 22:20 | Create | Villager (Male) |
| 22:20 | Create | Villager (Male) |
| 22:39 | Create | Villager (Male) |
| 22:39 | Create | Villager (Male) |
| 22:39 | Create | Villager (Male) |
| 22:42 | Create | Villager (Male) |
| 22:49 | Create | Spearman |
| 22:49 | Create | Spearman |
| 22:52 | Build | Palisade Wall |
| 22:53 | Build | Palisade Wall |
| 22:55 | Build | Palisade Wall |
| 23:00 | Build | Palisade Wall |
| 23:08 | Create | Villager (Male) |
| 23:08 | Create | Villager (Male) |
| 23:26 | Build | Mill |
| 23:38 | Create | Villager (Male) |
| 23:43 | Research | Wheelbarrow |
| 23:54 | Build | Market |
| 23:58 | Create | Archer |
| 23:59 | Create | Archer |
| 23:59 | Create | Archer |
| 24:00 | Create | Archer |
| 24:13 | Create | Archer |
Build order — AiM | PoRRo
First 150 of 151 actions detected
| 0:11 | Build | Town Center |
| 0:39 | Build | House |
| 0:43 | Build | Lumber Camp |
| 0:44 | Build | House |
| 2:21 | Create | Villager (Male) |
| 2:21 | Create | Villager (Male) |
| 2:21 | Create | Villager (Male) |
| 2:21 | Create | Villager (Male) |
| 3:46 | Create | Villager (Male) |
| 3:46 | Create | Villager (Male) |
| 4:00 | Research | Loom |
| 4:01 | Create | Villager (Male) |
| 4:01 | Create | Villager (Male) |
| 4:14 | Create | Villager (Male) |
| 4:14 | Create | Villager (Male) |
| 4:31 | Create | Villager (Male) |
| 4:31 | Create | Villager (Male) |
| 5:11 | Build | Lumber Camp |
| 5:33 | Create | Villager (Male) |
| 5:33 | Create | Villager (Male) |
| 5:44 | Create | Villager (Male) |
| 5:50 | Build | House |
| 6:36 | Create | Villager (Male) |
| 6:37 | Create | Villager (Male) |
| 6:37 | Create | Villager (Male) |
| 6:37 | Create | Villager (Male) |
| 6:58 | Create | Villager (Male) |
| 7:38 | Create | Villager (Male) |
| 8:45 | Create | Villager (Male) |
| 8:50 | Build | House |
| 8:56 | Build | House |
| 9:20 | Create | Villager (Male) |
| 9:49 | Create | Villager (Male) |
| 10:21 | Create | Villager (Male) |
| 10:31 | Build | Mining Camp |
| 10:45 | Create | Villager (Male) |
| 11:13 | Research | Feudal Age |
| 11:27 | Build | Barracks |
| 11:40 | Build | House |
| 11:41 | Build | Palisade Wall |
| 11:43 | Build | Palisade Wall |
| 11:45 | Build | Palisade Wall |
| 11:46 | Build | Palisade Wall |
| 12:03 | Build | Palisade Wall |
| 12:05 | Build | Palisade Wall |
| 12:31 | Build | Palisade Wall |
| 12:35 | Build | Palisade Wall |
| 12:55 | Build | Palisade Wall |
| 12:56 | Build | Palisade Wall |
| 13:02 | Build | Palisade Wall |
| 13:04 | Build | Palisade Wall |
| 13:14 | Create | Villager (Male) |
| 13:23 | Age | Feudal Age |
| 13:24 | Build | Palisade Wall |
| 13:29 | Build | Archery Range |
| 13:31 | Build | Archery Range |
| 13:42 | Build | Watch Tower |
| 13:56 | Create | Villager (Male) |
| 14:15 | Create | Archer |
| 14:18 | Build | House |
| 14:23 | Create | Archer |
| 14:28 | Build | House |
| 14:46 | Create | Archer |
| 14:50 | Create | Archer |
| 14:53 | Create | Villager (Male) |
| 14:58 | Build | Blacksmith |
| 15:04 | Build | House |
| 15:07 | Create | Archer |
| 15:23 | Build | House |
| 15:35 | Research | Fletching |
| 15:37 | Create | Skirmisher |
| 15:37 | Create | Skirmisher |
| 15:48 | Create | Villager (Male) |
| 16:05 | Create | Villager (Male) |
| 16:12 | Build | Mill |
| 16:15 | Create | Archer |
| 16:49 | Create | Villager (Male) |
| 16:50 | Create | Archer |
| 16:59 | Build | Market |
| 17:50 | Create | Archer |
| 17:51 | Create | Archer |
| 17:52 | Create | Villager (Male) |
| 17:54 | Build | Farm |
| 17:56 | Build | Farm |
| 17:57 | Build | Farm |
| 18:28 | Build | Farm |
| 19:01 | Create | Villager (Male) |
| 19:07 | Build | Watch Tower |
| 19:13 | Create | Villager (Male) |
| 19:16 | Create | Archer |
| 19:17 | Create | Archer |
| 19:23 | Research | Padded Archer Armor |
| 19:43 | Create | Villager (Male) |
| 19:50 | Create | Archer |
| 21:12 | Build | House |
| 22:17 | Research | Castle Age |
| 22:50 | Create | Archer |
| 22:51 | Create | Archer |
| 22:55 | Research | Double-Bit Axe |
| 23:12 | Build | Archery Range |
| 23:19 | Create | Archer |
| 23:22 | Research | Gold Mining |
| 24:04 | Create | Archer |
| 24:04 | Create | Archer |
| 24:05 | Create | Archer |
| 24:09 | Create | Archer |
| 24:57 | Age | Castle Age |
| 25:00 | Research | Crossbowman (upgrade) |
| 25:04 | Create | Villager (Male) |
| 25:13 | Build | Farm |
| 25:14 | Build | Farm |
| 25:17 | Build | Farm |
| 25:48 | Build | Siege Workshop |
| 26:32 | Build | Town Center |
| 26:43 | Create | Genitour |
| 26:43 | Create | Genitour |
| 26:46 | Build | Stable |
| 27:03 | Create | Mangonel |
| 27:47 | Create | Genitour |
| 27:47 | Create | Genitour |
| 27:58 | Create | Villager (Male) |
| 28:29 | Research | Husbandry |
| 28:52 | Build | Farm |
| 29:09 | Create | Villager (Male) |
| 29:22 | Create | Villager (Male) |
| 29:22 | Create | Villager (Male) |
| 29:49 | Create | Genitour |
| 29:50 | Create | Genitour |
| 29:54 | Create | Villager (Male) |
| 29:55 | Create | Villager (Male) |
| 30:32 | Create | Villager (Male) |
| 30:33 | Create | Villager (Male) |
| 30:59 | Create | Scorpion |
| 31:16 | Build | University |
| 31:18 | Create | Villager (Male) |
| 31:24 | Create | Villager (Male) |
| 31:36 | Create | Scorpion |
| 31:56 | Research | Ballistics |
| 32:03 | Create | Villager (Male) |
| 32:03 | Create | Villager (Male) |
| 32:08 | Build | Farm |
| 32:16 | Build | Farm |
| 32:21 | Create | Scorpion |
| 32:40 | Research | Bodkin Arrow |
| 32:47 | Create | Scorpion |
| 33:11 | Create | Villager (Male) |
| 33:11 | Create | Villager (Male) |
| 33:17 | Build | Farm |
| 33:45 | Create | Villager (Male) |
| 33:46 | Create | Villager (Male) |
Build order — NPG | Bandio
First 150 of 232 actions detected
| 0:12 | Build | Town Center |
| 0:29 | Build | House |
| 1:34 | Build | House |
| 2:24 | Create | Villager (Male) |
| 2:24 | Create | Villager (Male) |
| 2:25 | Create | Villager (Male) |
| 2:26 | Create | Villager (Male) |
| 3:10 | Research | Loom |
| 3:11 | Create | Villager (Male) |
| 3:11 | Create | Villager (Male) |
| 3:18 | Build | House |
| 3:39 | Create | Villager (Male) |
| 4:00 | Create | Villager (Male) |
| 4:10 | Build | Lumber Camp |
| 4:13 | Build | House |
| 4:28 | Build | House |
| 5:09 | Create | Villager (Male) |
| 5:10 | Create | Villager (Male) |
| 5:42 | Create | Villager (Male) |
| 6:17 | Create | Villager (Male) |
| 6:19 | Create | Villager (Male) |
| 6:55 | Create | Villager (Male) |
| 7:21 | Build | Mill |
| 7:24 | Create | Villager (Male) |
| 7:49 | Create | Villager (Male) |
| 8:23 | Create | Villager (Male) |
| 9:04 | Research | Feudal Age |
| 9:16 | Build | House |
| 9:55 | Create | Villager (Male) |
| 9:56 | Create | Villager (Male) |
| 10:13 | Build | Barracks |
| 10:42 | Create | Villager (Male) |
| 11:11 | Create | Villager (Male) |
| 11:14 | Age | Feudal Age |
| 11:17 | Build | Stable |
| 11:30 | Research | Double-Bit Axe |
| 11:59 | Create | Scout Cavalry |
| 11:59 | Create | Scout Cavalry |
| 12:02 | Build | House |
| 12:08 | Build | Palisade Gate |
| 12:21 | Create | Villager (Male) |
| 12:29 | Create | Scout Cavalry |
| 12:47 | Build | Farm |
| 12:51 | Build | House |
| 12:53 | Build | Palisade Wall |
| 13:03 | Build | Farm |
| 13:06 | Build | Farm |
| 13:31 | Create | Villager (Male) |
| 13:32 | Create | Scout Cavalry |
| 13:46 | Create | Villager (Male) |
| 13:48 | Build | Farm |
| 13:52 | Build | Farm |
| 14:00 | Create | Scout Cavalry |
| 14:06 | Create | Villager (Male) |
| 14:08 | Build | House |
| 14:10 | Build | House |
| 14:35 | Create | Villager (Male) |
| 14:44 | Build | Palisade Wall |
| 14:45 | Build | Palisade Wall |
| 14:53 | Create | Villager (Male) |
| 14:57 | Build | Farm |
| 15:06 | Create | Scout Cavalry |
| 15:06 | Create | Scout Cavalry |
| 15:19 | Create | Villager (Male) |
| 15:25 | Build | Blacksmith |
| 15:57 | Create | Villager (Male) |
| 15:59 | Create | Scout Cavalry |
| 16:17 | Create | Villager (Male) |
| 16:19 | Create | Scout Cavalry |
| 16:28 | Create | Villager (Male) |
| 16:37 | Build | Watch Tower |
| 16:56 | Create | Villager (Male) |
| 16:59 | Create | Scout Cavalry |
| 17:01 | Build | House |
| 17:27 | Create | Villager (Male) |
| 17:37 | Research | Scale Barding Armor |
| 17:40 | Create | Scout Cavalry |
| 17:51 | Build | House |
| 17:53 | Create | Scout Cavalry |
| 17:59 | Build | Farm |
| 17:59 | Create | Villager (Male) |
| 18:03 | Build | Mill |
| 18:03 | Build | Farm |
| 18:04 | Build | Farm |
| 18:04 | Build | Farm |
| 18:13 | Build | Farm |
| 18:34 | Build | Mill |
| 18:40 | Create | Villager (Male) |
| 18:40 | Create | Villager (Male) |
| 18:47 | Build | Farm |
| 19:04 | Research | Forging |
| 19:06 | Build | Farm |
| 19:08 | Build | Farm |
| 19:45 | Create | Villager (Male) |
| 19:46 | Create | Villager (Male) |
| 19:48 | Build | Farm |
| 20:02 | Build | Stable |
| 20:09 | Create | Scout Cavalry |
| 20:10 | Create | Scout Cavalry |
| 20:40 | Create | Villager (Male) |
| 20:41 | Create | Villager (Male) |
| 20:51 | Build | Market |
| 20:58 | Create | Scout Cavalry |
| 21:02 | Build | House |
| 21:04 | Build | House |
| 21:13 | Create | Villager (Male) |
| 21:18 | Research | Horse Collar |
| 21:37 | Research | Wheelbarrow |
| 21:39 | Build | House |
| 21:40 | Build | House |
| 22:32 | Create | Villager (Male) |
| 22:34 | Build | Farm |
| 23:18 | Create | Villager (Male) |
| 23:23 | Build | House |
| 23:25 | Build | House |
| 23:29 | Build | House |
| 23:30 | Build | House |
| 23:44 | Create | Villager (Male) |
| 23:55 | Research | Castle Age |
| 24:20 | Build | Palisade Wall |
| 24:35 | Build | Farm |
| 24:40 | Build | Mining Camp |
| 25:03 | Research | Bloodlines |
| 25:08 | Build | Palisade Wall |
| 25:09 | Build | Palisade Wall |
| 25:10 | Build | Palisade Wall |
| 25:44 | Create | Villager (Male) |
| 25:49 | Build | House |
| 25:51 | Build | Farm |
| 26:09 | Create | Villager (Male) |
| 26:30 | Research | Gold Mining |
| 26:41 | Age | Castle Age |
| 26:44 | Create | Knight |
| 26:44 | Create | Knight |
| 26:44 | Create | Knight |
| 26:51 | Build | Town Center |
| 27:05 | Create | Villager (Male) |
| 27:10 | Create | Knight |
| 27:10 | Create | Knight |
| 27:11 | Research | Chain Barding Armor |
| 27:20 | Create | Camel Scout |
| 27:34 | Create | Camel Scout |
| 27:36 | Create | Camel Scout |
| 27:39 | Create | Villager (Male) |
| 27:39 | Create | Villager (Male) |
| 27:46 | Create | Villager (Male) |
| 28:07 | Create | Knight |
| 28:07 | Create | Camel Scout |
| 28:14 | Build | Stable |
| 28:19 | Create | Knight |
Build order — NPG | DR@CA
First 150 of 247 actions detected
| 0:35 | Build | Town Center |
| 2:09 | Build | House |
| 2:51 | Build | House |
| 3:02 | Build | House |
| 3:09 | Create | Villager (Male) |
| 3:09 | Create | Villager (Male) |
| 3:09 | Create | Villager (Male) |
| 3:10 | Create | Villager (Male) |
| 3:12 | Build | House |
| 4:16 | Create | Villager (Male) |
| 4:29 | Build | House |
| 5:04 | Create | Villager (Male) |
| 5:04 | Create | Villager (Male) |
| 5:11 | Build | Lumber Camp |
| 5:35 | Create | Villager (Male) |
| 5:53 | Create | Villager (Male) |
| 6:16 | Create | Villager (Male) |
| 6:47 | Create | Villager (Male) |
| 7:04 | Build | House |
| 7:25 | Build | Barracks |
| 7:27 | Create | Villager (Male) |
| 7:28 | Create | Villager (Male) |
| 8:01 | Build | House |
| 8:25 | Create | Militia |
| 8:26 | Create | Militia |
| 8:30 | Build | House |
| 8:36 | Create | Villager (Male) |
| 8:43 | Build | House |
| 9:03 | Create | Militia |
| 9:04 | Create | Villager (Male) |
| 9:06 | Build | House |
| 9:21 | Create | Militia |
| 9:30 | Build | Palisade Wall |
| 9:31 | Build | Palisade Wall |
| 9:32 | Build | Palisade Wall |
| 9:36 | Create | Villager (Male) |
| 9:40 | Create | Villager (Male) |
| 10:02 | Create | Villager (Male) |
| 10:21 | Build | Mill |
| 10:22 | Create | Villager (Male) |
| 10:35 | Create | Villager (Male) |
| 10:41 | Create | Villager (Male) |
| 10:42 | Create | Villager (Male) |
| 10:48 | Create | Villager (Male) |
| 10:53 | Create | Villager (Male) |
| 11:00 | Build | House |
| 11:18 | Research | Loom |
| 11:26 | Build | Palisade Wall |
| 12:06 | Create | Militia |
| 12:18 | Research | Feudal Age |
| 12:45 | Create | Militia |
| 13:18 | Create | Militia |
| 13:27 | Build | Palisade Wall |
| 13:50 | Build | Palisade Wall |
| 14:10 | Create | Villager (Male) |
| 14:20 | Build | Palisade Gate |
| 14:22 | Build | Palisade Wall |
| 14:28 | Age | Feudal Age |
| 14:33 | Research | Man-at-Arms (upgrade) |
| 14:33 | Create | Villager (Male) |
| 14:41 | Build | Archery Range |
| 14:51 | Build | Blacksmith |
| 14:56 | Create | Villager (Male) |
| 15:33 | Build | Palisade Wall |
| 15:45 | Create | Skirmisher |
| 15:45 | Create | Skirmisher |
| 15:51 | Build | Farm |
| 15:51 | Build | Farm |
| 15:51 | Build | Farm |
| 15:52 | Build | Farm |
| 15:53 | Create | Villager (Male) |
| 16:10 | Create | Villager (Male) |
| 16:12 | Create | Skirmisher |
| 16:22 | Create | Villager (Male) |
| 16:29 | Create | Skirmisher |
| 16:30 | Create | Villager (Male) |
| 16:34 | Research | Double-Bit Axe |
| 16:35 | Create | Villager (Male) |
| 16:36 | Create | Villager (Male) |
| 16:36 | Create | Villager (Male) |
| 16:41 | Create | Villager (Male) |
| 16:51 | Build | House |
| 17:20 | Create | Skirmisher |
| 17:36 | Create | Skirmisher |
| 17:38 | Research | Fletching |
| 17:45 | Create | Skirmisher |
| 17:46 | Create | Villager (Male) |
| 17:47 | Create | Villager (Male) |
| 17:56 | Create | Skirmisher |
| 18:11 | Create | Skirmisher |
| 18:24 | Create | Skirmisher |
| 18:37 | Create | Villager (Male) |
| 18:41 | Create | Villager (Male) |
| 18:44 | Build | Farm |
| 18:44 | Build | Farm |
| 18:44 | Build | Farm |
| 18:45 | Build | Farm |
| 18:45 | Build | Farm |
| 18:45 | Build | Farm |
| 18:46 | Create | Villager (Male) |
| 18:57 | Create | Villager (Male) |
| 19:21 | Create | Villager (Male) |
| 19:31 | Build | Farm |
| 19:31 | Build | Farm |
| 19:31 | Build | Farm |
| 19:31 | Build | Farm |
| 19:32 | Build | Farm |
| 19:43 | Create | Villager (Male) |
| 20:03 | Create | Villager (Male) |
| 20:15 | Build | Stable |
| 20:15 | Create | Villager (Male) |
| 20:33 | Build | Farm |
| 20:42 | Build | House |
| 20:43 | Build | House |
| 21:04 | Build | Archery Range |
| 21:30 | Build | Palisade Gate |
| 21:37 | Research | Wheelbarrow |
| 21:45 | Research | Castle Age |
| 22:03 | Build | House |
| 22:16 | Build | Mining Camp |
| 22:59 | Build | Farm |
| 23:00 | Build | Farm |
| 23:00 | Build | Farm |
| 23:00 | Build | Farm |
| 23:22 | Research | Horse Collar |
| 24:07 | Build | Archery Range |
| 24:11 | Create | Villager (Male) |
| 24:25 | Age | Castle Age |
| 24:28 | Create | Cavalry Archer |
| 24:28 | Create | Cavalry Archer |
| 24:29 | Create | Cavalry Archer |
| 24:31 | Research | Bodkin Arrow |
| 24:32 | Create | Cavalry Archer |
| 24:32 | Create | Cavalry Archer |
| 24:32 | Create | Cavalry Archer |
| 24:33 | Create | Villager (Male) |
| 24:34 | Create | Villager (Male) |
| 24:46 | Build | House |
| 24:54 | Create | Cavalry Archer |
| 24:55 | Create | Cavalry Archer |
| 24:56 | Create | Villager (Male) |
| 25:03 | Create | Cavalry Archer |
| 25:03 | Create | Cavalry Archer |
| 25:21 | Create | Cavalry Archer |
| 25:39 | Create | Cavalry Archer |
| 25:52 | Research | Padded Archer Armor |
| 25:53 | Create | Cavalry Archer |
| 25:53 | Create | Cavalry Archer |
| 25:53 | Create | Cavalry Archer |
| 26:05 | Create | Cavalry Archer |
Build order — NPG | Vacuno!
First 150 of 340 actions detected
| 0:31 | Build | Town Center |
| 2:37 | Create | Villager (Male) |
| 2:37 | Create | Villager (Male) |
| 2:37 | Create | Villager (Male) |
| 2:57 | Create | Villager (Male) |
| 2:57 | Create | Villager (Male) |
| 2:57 | Create | Villager (Male) |
| 2:57 | Create | Villager (Male) |
| 3:53 | Create | Villager (Male) |
| 3:53 | Create | Villager (Male) |
| 4:20 | Create | Villager (Male) |
| 4:20 | Create | Villager (Male) |
| 4:20 | Create | Villager (Male) |
| 4:20 | Create | Villager (Male) |
| 4:20 | Create | Villager (Male) |
| 4:47 | Create | Villager (Male) |
| 4:47 | Create | Villager (Male) |
| 4:47 | Create | Villager (Male) |
| 4:47 | Create | Villager (Male) |
| 4:59 | Create | Villager (Male) |
| 4:59 | Create | Villager (Male) |
| 4:59 | Create | Villager (Male) |
| 5:04 | Build | Lumber Camp |
| 5:26 | Create | Villager (Male) |
| 5:26 | Create | Villager (Male) |
| 5:26 | Create | Villager (Male) |
| 5:26 | Create | Villager (Male) |
| 5:26 | Create | Villager (Male) |
| 5:27 | Create | Villager (Male) |
| 5:56 | Create | Villager (Male) |
| 5:56 | Create | Villager (Male) |
| 5:56 | Create | Villager (Male) |
| 5:56 | Create | Villager (Male) |
| 5:56 | Create | Villager (Male) |
| 6:27 | Create | Villager (Male) |
| 6:27 | Create | Villager (Male) |
| 6:27 | Create | Villager (Male) |
| 6:27 | Create | Villager (Male) |
| 6:27 | Create | Villager (Male) |
| 6:27 | Create | Villager (Male) |
| 6:29 | Build | Palisade Wall |
| 6:51 | Create | Villager (Male) |
| 7:39 | Create | Villager (Male) |
| 7:39 | Create | Villager (Male) |
| 7:39 | Create | Villager (Male) |
| 7:39 | Create | Villager (Male) |
| 8:18 | Create | Villager (Male) |
| 8:18 | Create | Villager (Male) |
| 8:18 | Create | Villager (Male) |
| 9:15 | Create | Villager (Male) |
| 9:42 | Build | Mill |
| 10:00 | Create | Villager (Male) |
| 10:35 | Create | Villager (Male) |
| 10:39 | Build | Mining Camp |
| 10:54 | Research | Loom |
| 11:24 | Research | Feudal Age |
| 11:30 | Build | Palisade Wall |
| 13:25 | Build | Palisade Wall |
| 13:25 | Build | Palisade Wall |
| 13:28 | Build | Palisade Wall |
| 13:35 | Build | Barracks |
| 13:59 | Age | Feudal Age |
| 14:02 | Create | Villager (Male) |
| 14:03 | Create | Villager (Male) |
| 14:16 | Build | Archery Range |
| 14:20 | Build | Blacksmith |
| 15:04 | Research | Castle Age |
| 15:10 | Research | Double-Bit Axe |
| 15:14 | Research | Fletching |
| 15:31 | Build | Palisade Wall |
| 15:37 | Build | Palisade Wall |
| 16:10 | Build | Archery Range |
| 16:20 | Build | Palisade Gate |
| 17:17 | Research | Padded Archer Armor |
| 17:44 | Age | Castle Age |
| 17:46 | Create | Cavalry Archer |
| 17:47 | Create | Cavalry Archer |
| 17:51 | Research | Bodkin Arrow |
| 17:52 | Create | Villager (Male) |
| 17:52 | Create | Villager (Male) |
| 17:58 | Build | Town Center |
| 18:02 | Create | Villager (Male) |
| 18:08 | Create | Cavalry Archer |
| 18:35 | Create | Villager (Male) |
| 18:50 | Create | Villager (Male) |
| 18:54 | Create | Cavalry Archer |
| 18:55 | Create | Villager (Male) |
| 18:55 | Create | Villager (Male) |
| 18:58 | Build | Farm |
| 19:01 | Build | Farm |
| 19:03 | Build | Farm |
| 19:16 | Create | Villager (Male) |
| 19:19 | Create | Cavalry Archer |
| 19:19 | Create | Cavalry Archer |
| 19:32 | Create | Villager (Male) |
| 19:32 | Create | Villager (Male) |
| 19:37 | Build | Farm |
| 19:55 | Build | Siege Workshop |
| 19:59 | Create | Cavalry Archer |
| 19:59 | Create | Cavalry Archer |
| 20:02 | Create | Villager (Male) |
| 20:10 | Create | Cavalry Archer |
| 20:21 | Create | Villager (Male) |
| 20:25 | Build | Farm |
| 20:26 | Create | Cavalry Archer |
| 20:49 | Create | Cavalry Archer |
| 20:54 | Create | Villager (Male) |
| 20:57 | Build | Farm |
| 20:59 | Create | Cavalry Archer |
| 21:12 | Create | Villager (Male) |
| 21:12 | Create | Villager (Male) |
| 21:12 | Create | Villager (Male) |
| 21:33 | Build | Farm |
| 21:34 | Create | Villager (Male) |
| 21:34 | Create | Villager (Male) |
| 21:34 | Create | Villager (Male) |
| 21:34 | Create | Villager (Male) |
| 21:36 | Build | Farm |
| 21:38 | Create | Cavalry Archer |
| 21:39 | Create | Cavalry Archer |
| 21:50 | Create | Villager (Male) |
| 21:50 | Create | Villager (Male) |
| 21:59 | Create | Villager (Male) |
| 21:59 | Create | Villager (Male) |
| 21:59 | Create | Villager (Male) |
| 22:03 | Build | Farm |
| 22:04 | Build | Farm |
| 22:05 | Create | Villager (Male) |
| 22:05 | Create | Villager (Male) |
| 22:08 | Create | Cavalry Archer |
| 22:21 | Create | Cavalry Archer |
| 22:42 | Create | Villager (Male) |
| 22:42 | Create | Villager (Male) |
| 22:52 | Build | Farm |
| 22:55 | Build | Farm |
| 22:56 | Build | Farm |
| 22:58 | Create | Villager (Male) |
| 22:58 | Create | Villager (Male) |
| 23:01 | Create | Cavalry Archer |
| 23:08 | Create | Cavalry Archer |
| 23:08 | Create | Cavalry Archer |
| 23:13 | Create | Villager (Male) |
| 23:35 | Create | Villager (Male) |
| 23:50 | Create | Villager (Male) |
| 23:50 | Create | Villager (Male) |
| 23:50 | Create | Villager (Male) |
| 23:50 | Create | Villager (Male) |
| 23:50 | Create | Villager (Male) |
| 24:00 | Create | Mangonel |
| 24:02 | Create | Villager (Male) |
Build order — AiM | CyclopsTron
148 actions detected in the replay
| 0:45 | Build | Town Center |
| 1:24 | Build | Town Center |
| 3:22 | Create | Villager (Male) |
| 3:23 | Create | Villager (Male) |
| 3:51 | Research | Loom |
| 4:13 | Create | Villager (Male) |
| 4:39 | Create | Villager (Male) |
| 5:02 | Create | Villager (Male) |
| 5:08 | Create | Villager (Male) |
| 5:52 | Create | Villager (Male) |
| 6:20 | Create | Villager (Male) |
| 6:36 | Build | Lumber Camp |
| 6:55 | Create | Villager (Male) |
| 7:22 | Create | Villager (Male) |
| 7:52 | Create | Villager (Male) |
| 8:04 | Create | Villager (Male) |
| 8:39 | Create | Villager (Male) |
| 9:05 | Create | Villager (Male) |
| 9:10 | Build | Mill |
| 9:26 | Create | Villager (Male) |
| 9:49 | Create | Villager (Male) |
| 10:21 | Research | Feudal Age |
| 10:21 | Research | Feudal Age |
| 10:49 | Create | Villager (Male) |
| 10:53 | Build | Mining Camp |
| 11:36 | Build | Barracks |
| 12:16 | Build | Palisade Wall |
| 12:17 | Build | Palisade Wall |
| 12:38 | Age | Feudal Age |
| 12:41 | Build | Archery Range |
| 12:50 | Create | Villager (Male) |
| 12:56 | Research | Double-Bit Axe |
| 12:56 | Research | Double-Bit Axe |
| 13:05 | Build | Palisade Wall |
| 13:16 | Create | Spearman |
| 13:23 | Create | Villager (Male) |
| 13:29 | Create | Archer |
| 13:34 | Create | Villager (Male) |
| 13:46 | Build | Palisade Wall |
| 13:48 | Create | Archer |
| 13:57 | Build | Mill |
| 13:58 | Create | Villager (Male) |
| 14:07 | Create | Archer |
| 14:36 | Create | Villager (Male) |
| 14:50 | Create | Villager (Male) |
| 14:57 | Create | Skirmisher |
| 15:08 | Create | Archer |
| 15:26 | Build | Blacksmith |
| 15:28 | Create | Archer |
| 15:37 | Create | Spearman |
| 15:44 | Build | Palisade Wall |
| 15:44 | Create | Villager (Male) |
| 15:48 | Build | Palisade Wall |
| 15:52 | Create | Archer |
| 15:54 | Build | Watch Tower |
| 16:14 | Create | Villager (Male) |
| 16:38 | Create | Villager (Male) |
| 16:59 | Create | Villager (Male) |
| 17:09 | Create | Spearman |
| 17:20 | Create | Villager (Male) |
| 17:36 | Create | Villager (Male) |
| 17:56 | Create | Villager (Male) |
| 18:02 | Build | Palisade Wall |
| 18:06 | Create | Villager (Male) |
| 18:28 | Create | Villager (Male) |
| 18:46 | Create | Villager (Male) |
| 18:55 | Create | Skirmisher |
| 19:09 | Create | Skirmisher |
| 19:10 | Create | Villager (Male) |
| 19:28 | Create | Villager (Male) |
| 19:46 | Create | Villager (Male) |
| 19:51 | Build | Farm |
| 19:53 | Build | Farm |
| 19:55 | Build | Farm |
| 20:01 | Create | Skirmisher |
| 20:18 | Create | Villager (Male) |
| 20:25 | Create | Spearman |
| 20:53 | Create | Spearman |
| 20:54 | Create | Villager (Male) |
| 21:01 | Build | Farm |
| 21:06 | Create | Villager (Male) |
| 21:09 | Build | Farm |
| 21:23 | Build | Palisade Gate |
| 21:26 | Create | Skirmisher |
| 21:36 | Research | Fletching |
| 21:53 | Create | Villager (Male) |
| 22:03 | Build | Farm |
| 22:08 | Build | Farm |
| 22:14 | Build | Mill |
| 22:18 | Build | Farm |
| 22:26 | Create | Skirmisher |
| 22:31 | Create | Villager (Male) |
| 22:42 | Create | Villager (Male) |
| 22:47 | Build | Farm |
| 23:10 | Build | Palisade Wall |
| 23:20 | Build | Market |
| 23:41 | Create | Villager (Male) |
| 23:42 | Create | Villager (Male) |
| 23:57 | Create | Skirmisher |
| 24:09 | Create | Villager (Male) |
| 24:18 | Build | Mill |
| 24:20 | Build | Farm |
| 24:22 | Build | Palisade Wall |
| 24:42 | Build | Farm |
| 24:44 | Create | Villager (Male) |
| 24:55 | Build | Palisade Wall |
| 25:15 | Build | Farm |
| 25:19 | Create | Villager (Male) |
| 25:28 | Create | Villager (Male) |
| 25:30 | Build | Farm |
| 25:33 | Build | Farm |
| 26:07 | Create | Villager (Male) |
| 26:16 | Build | Market |
| 26:25 | Build | Mill |
| 26:28 | Create | Villager (Male) |
| 27:04 | Create | Villager (Male) |
| 27:08 | Build | Farm |
| 27:19 | Create | Villager (Male) |
| 27:19 | Create | Villager (Male) |
| 27:57 | Create | Villager (Male) |
| 28:20 | Create | Villager (Male) |
| 28:39 | Build | Mill |
| 28:53 | Create | Villager (Male) |
| 29:13 | Research | Castle Age |
| 29:14 | Research | Castle Age |
| 29:18 | Build | Archery Range |
| 29:32 | Build | Archery Range |
| 29:47 | Research | Horse Collar |
| 30:23 | Build | Farm |
| 30:23 | Create | Villager (Male) |
| 30:43 | Build | Stone Wall |
| 31:06 | Build | Barracks |
| 31:08 | Build | Palisade Wall |
| 31:56 | Age | Castle Age |
| 31:58 | Create | Cavalry Archer |
| 31:58 | Create | Cavalry Archer |
| 31:59 | Research | Bodkin Arrow |
| 31:59 | Research | Bodkin Arrow |
| 32:08 | Research | Heavy Plow |
| 32:18 | Create | Villager (Male) |
| 32:32 | Create | Villager (Male) |
| 32:34 | Create | Cavalry Archer |
| 32:34 | Create | Cavalry Archer |
| 32:41 | Create | Cavalry Archer |
| 33:04 | Create | Cavalry Archer |
| 33:11 | Create | Villager (Male) |
| 33:37 | Create | Cavalry Archer |
| 33:39 | Create | Villager (Male) |
Build order — Shimishi Maki
First 150 of 285 actions detected
| 0:20 | Build | Town Center |
| 3:23 | Create | Villager (Male) |
| 3:24 | Create | Villager (Male) |
| 3:24 | Create | Villager (Male) |
| 3:25 | Create | Villager (Male) |
| 3:57 | Build | House |
| 4:04 | Create | Villager (Male) |
| 4:22 | Build | House |
| 5:01 | Build | Palisade Wall |
| 5:03 | Create | Villager (Male) |
| 5:26 | Build | House |
| 5:31 | Create | Villager (Male) |
| 5:43 | Build | House |
| 5:52 | Create | Villager (Male) |
| 6:01 | Create | Villager (Male) |
| 6:06 | Build | Lumber Camp |
| 6:30 | Create | Villager (Male) |
| 6:30 | Create | Villager (Male) |
| 6:49 | Create | Villager (Male) |
| 7:05 | Create | Villager (Male) |
| 7:20 | Research | Loom |
| 7:23 | Build | Palisade Wall |
| 7:28 | Build | Palisade Wall |
| 7:30 | Create | Villager (Male) |
| 7:32 | Build | Palisade Wall |
| 7:34 | Create | Villager (Male) |
| 7:37 | Build | Palisade Wall |
| 7:38 | Create | Villager (Male) |
| 7:44 | Create | Villager (Male) |
| 7:48 | Create | Villager (Male) |
| 8:07 | Build | House |
| 8:10 | Build | House |
| 8:13 | Create | Villager (Male) |
| 8:51 | Create | Villager (Male) |
| 8:52 | Create | Villager (Male) |
| 9:15 | Build | Mill |
| 9:17 | Create | Villager (Male) |
| 9:17 | Create | Villager (Male) |
| 10:14 | Create | Villager (Male) |
| 10:27 | Build | House |
| 10:40 | Research | Feudal Age |
| 10:59 | Build | Mining Camp |
| 11:18 | Build | House |
| 11:42 | Build | House |
| 12:08 | Build | Barracks |
| 12:25 | Create | Villager (Male) |
| 12:50 | Age | Feudal Age |
| 13:02 | Create | Villager (Male) |
| 13:14 | Build | Palisade Wall |
| 13:19 | Build | Archery Range |
| 13:21 | Create | Villager (Male) |
| 13:38 | Create | Villager (Male) |
| 13:46 | Build | Blacksmith |
| 14:03 | Build | Palisade Wall |
| 14:05 | Build | Palisade Wall |
| 14:05 | Build | Palisade Wall |
| 14:08 | Create | Villager (Male) |
| 14:10 | Research | Town Watch |
| 14:13 | Create | Archer |
| 14:25 | Create | Villager (Male) |
| 14:37 | Build | Archery Range |
| 14:44 | Create | Villager (Male) |
| 14:55 | Create | Villager (Male) |
| 14:56 | Create | Villager (Male) |
| 14:58 | Create | Archer |
| 15:02 | Research | Double-Bit Axe |
| 15:07 | Create | Archer |
| 15:28 | Research | Fletching |
| 15:32 | Create | Archer |
| 15:33 | Create | Archer |
| 15:54 | Create | Archer |
| 15:56 | Create | Villager (Male) |
| 16:11 | Create | Villager (Male) |
| 16:11 | Create | Villager (Male) |
| 16:16 | Create | Villager (Male) |
| 16:18 | Build | House |
| 16:22 | Create | Archer |
| 16:35 | Create | Villager (Male) |
| 16:42 | Build | House |
| 16:56 | Create | Villager (Male) |
| 17:01 | Create | Archer |
| 17:01 | Create | Archer |
| 17:11 | Create | Villager (Male) |
| 17:13 | Create | Skirmisher |
| 17:13 | Create | Skirmisher |
| 17:13 | Create | Skirmisher |
| 17:13 | Create | Skirmisher |
| 17:19 | Build | House |
| 17:31 | Create | Skirmisher |
| 17:39 | Build | House |
| 17:46 | Build | Palisade Wall |
| 17:47 | Build | Palisade Wall |
| 18:01 | Build | Palisade Wall |
| 18:01 | Build | Palisade Wall |
| 18:02 | Build | Palisade Wall |
| 18:17 | Build | Palisade Wall |
| 18:19 | Build | Palisade Wall |
| 18:21 | Create | Skirmisher |
| 18:21 | Create | Skirmisher |
| 18:22 | Create | Villager (Male) |
| 18:26 | Build | House |
| 18:27 | Build | House |
| 18:27 | Build | House |
| 18:37 | Create | Skirmisher |
| 18:37 | Create | Skirmisher |
| 18:42 | Build | House |
| 18:45 | Create | Skirmisher |
| 18:45 | Create | Skirmisher |
| 19:13 | Research | Horse Collar |
| 19:28 | Create | Skirmisher |
| 19:52 | Research | Padded Archer Armor |
| 19:56 | Create | Archer |
| 19:57 | Create | Archer |
| 19:57 | Create | Archer |
| 20:12 | Build | Farm |
| 20:27 | Build | House |
| 20:27 | Build | House |
| 20:32 | Build | Farm |
| 20:36 | Build | Farm |
| 20:37 | Build | Farm |
| 20:39 | Create | Skirmisher |
| 20:41 | Create | Villager (Male) |
| 20:42 | Create | Villager (Male) |
| 20:48 | Create | Archer |
| 20:49 | Create | Villager (Male) |
| 20:51 | Build | Farm |
| 20:57 | Build | Farm |
| 20:59 | Build | Farm |
| 21:28 | Create | Villager (Male) |
| 21:29 | Build | Farm |
| 21:35 | Build | Market |
| 22:00 | Build | Farm |
| 22:02 | Build | House |
| 22:14 | Build | Palisade Wall |
| 22:14 | Build | Palisade Wall |
| 22:20 | Create | Villager (Male) |
| 22:32 | Build | Mining Camp |
| 22:50 | Create | Villager (Male) |
| 22:54 | Build | Farm |
| 22:56 | Build | Farm |
| 23:27 | Research | Castle Age |
| 23:52 | Build | House |
| 24:00 | Build | Palisade Wall |
| 24:18 | Research | Stone Mining |
| 24:31 | Build | Lumber Camp |
| 25:23 | Create | Villager (Male) |
| 25:52 | Create | Villager (Male) |
| 26:07 | Age | Castle Age |
| 26:23 | Create | Villager (Male) |
| 26:26 | Build | Town Center |
Build order — AiM | Agua Cate 98
First 150 of 207 actions detected
| 0:16 | Build | Town Center |
| 0:54 | Build | Town Center |
| 1:03 | Build | Town Center |
| 2:07 | Build | House |
| 2:09 | Build | House |
| 3:20 | Create | Villager (Male) |
| 3:21 | Create | Villager (Male) |
| 3:21 | Create | Villager (Male) |
| 3:45 | Create | Villager (Male) |
| 3:45 | Create | Villager (Male) |
| 4:43 | Create | Villager (Male) |
| 4:44 | Create | Villager (Male) |
| 5:11 | Create | Villager (Male) |
| 5:12 | Create | Villager (Male) |
| 5:12 | Create | Villager (Male) |
| 5:18 | Build | Lumber Camp |
| 5:40 | Create | Villager (Male) |
| 6:23 | Create | Villager (Male) |
| 6:48 | Create | Villager (Male) |
| 6:49 | Research | Loom |
| 6:55 | Build | House |
| 7:17 | Create | Villager (Male) |
| 7:17 | Create | Villager (Male) |
| 8:10 | Create | Villager (Male) |
| 8:26 | Build | Mill |
| 8:35 | Create | Villager (Male) |
| 8:35 | Create | Villager (Male) |
| 9:06 | Create | Villager (Male) |
| 9:14 | Build | House |
| 9:47 | Create | Villager (Male) |
| 10:29 | Build | House |
| 10:46 | Create | Villager (Male) |
| 10:56 | Create | Villager (Male) |
| 11:12 | Build | Barracks |
| 11:25 | Create | Villager (Male) |
| 11:34 | Build | Mining Camp |
| 11:41 | Research | Feudal Age |
| 12:41 | Build | House |
| 13:15 | Build | House |
| 13:39 | Create | Villager (Male) |
| 13:40 | Create | Villager (Male) |
| 13:48 | Build | Palisade Wall |
| 13:49 | Build | Palisade Wall |
| 13:51 | Build | Palisade Wall |
| 14:11 | Age | Feudal Age |
| 14:14 | Build | Blacksmith |
| 14:23 | Build | Stable |
| 14:44 | Build | Palisade Wall |
| 14:47 | Build | Palisade Wall |
| 14:55 | Create | Villager (Male) |
| 15:32 | Build | Market |
| 15:33 | Build | Palisade Wall |
| 15:57 | Research | Castle Age |
| 16:15 | Build | Farm |
| 17:11 | Build | Stable |
| 17:18 | Research | Forging |
| 17:37 | Create | Villager (Male) |
| 17:58 | Build | Palisade Wall |
| 18:03 | Build | Farm |
| 18:05 | Build | Farm |
| 18:32 | Research | Scale Barding Armor |
| 18:37 | Age | Castle Age |
| 18:41 | Create | Knight |
| 18:42 | Create | Knight |
| 18:42 | Create | Knight |
| 18:42 | Create | Knight |
| 18:55 | Build | Farm |
| 19:13 | Create | Knight |
| 19:14 | Create | Knight |
| 19:14 | Create | Knight |
| 19:15 | Create | Villager (Male) |
| 19:16 | Create | Villager (Male) |
| 19:27 | Build | Mill |
| 19:30 | Create | Villager (Male) |
| 19:51 | Build | House |
| 19:52 | Build | House |
| 19:55 | Create | Knight |
| 19:55 | Create | Knight |
| 19:59 | Create | Knight |
| 20:19 | Create | Villager (Male) |
| 20:20 | Create | Villager (Male) |
| 20:32 | Create | Villager (Male) |
| 20:33 | Create | Villager (Male) |
| 20:52 | Create | Knight |
| 20:52 | Create | Knight |
| 20:57 | Build | Farm |
| 21:31 | Research | Double-Bit Axe |
| 21:33 | Create | Knight |
| 21:33 | Create | Knight |
| 21:34 | Create | Knight |
| 21:42 | Build | Farm |
| 21:48 | Create | Knight |
| 21:48 | Create | Knight |
| 21:53 | Create | Villager (Male) |
| 22:07 | Create | Villager (Male) |
| 22:07 | Create | Villager (Male) |
| 22:17 | Create | Villager (Male) |
| 22:22 | Build | House |
| 22:24 | Build | House |
| 22:32 | Create | Knight |
| 22:32 | Create | Knight |
| 22:32 | Create | Knight |
| 22:34 | Create | Villager (Male) |
| 22:37 | Build | House |
| 22:37 | Build | House |
| 22:37 | Build | House |
| 22:48 | Create | Knight |
| 22:48 | Create | Knight |
| 22:54 | Create | Villager (Male) |
| 22:58 | Build | Monastery |
| 23:03 | Create | Villager (Male) |
| 23:13 | Create | Villager (Male) |
| 23:28 | Create | Knight |
| 23:28 | Create | Knight |
| 23:46 | Research | Husbandry |
| 23:55 | Create | Villager (Male) |
| 24:10 | Create | Knight |
| 24:10 | Create | Knight |
| 24:10 | Create | Knight |
| 24:11 | Create | Villager (Male) |
| 24:20 | Build | House |
| 24:21 | Build | House |
| 24:21 | Build | House |
| 24:21 | Build | House |
| 24:22 | Create | Villager (Male) |
| 24:56 | Research | Iron Casting |
| 25:10 | Create | Villager (Male) |
| 25:17 | Build | Mill |
| 25:28 | Create | Villager (Male) |
| 25:34 | Build | House |
| 25:38 | Create | Knight |
| 25:39 | Create | Knight |
| 25:39 | Create | Knight |
| 25:53 | Create | Villager (Male) |
| 25:59 | Create | Knight |
| 26:00 | Create | Knight |
| 26:00 | Create | Knight |
| 26:11 | Research | Horse Collar |
| 26:17 | Create | Knight |
| 26:18 | Create | Knight |
| 26:18 | Create | Knight |
| 26:29 | Create | Knight |
| 26:29 | Create | Knight |
| 26:47 | Create | Villager (Male) |
| 26:48 | Create | Villager (Male) |
| 26:55 | Build | Mill |
| 27:02 | Create | Knight |
| 27:02 | Create | Knight |
| 27:17 | Create | Villager (Male) |
| 27:21 | Create | Knight |
Match timeline
| 5:01 | Shimishi Maki · wall_segment Palisade Wall x1 |
| 6:29 | NPG | Vacuno! · wall_segment Palisade Wall x1 |
| 7:23 | Shimishi Maki · wall_segment Palisade Wall x1 |
| 7:25 | NPG | DR@CA · first_building Barracks |
| 7:28 | Shimishi Maki · wall_segment Palisade Wall x1 |
| 7:32 | Shimishi Maki · wall_segment Palisade Wall x1 |
| 7:37 | Shimishi Maki · wall_segment Palisade Wall x1 |
| 9:30 | NPG | DR@CA · wall_segment Palisade Wall x1 |
| 9:31 | NPG | DR@CA · wall_segment Palisade Wall x1 |
| 9:32 | NPG | DR@CA · wall_segment Palisade Wall x5 |
| 10:13 | NPG | Bandio · first_building Barracks |
| 11:12 | AiM | Agua Cate 98 · first_building Barracks |
| 11:14 | NPG | Bandio · age_up feudal |
| 11:17 | NPG | Bandio · first_building Stable |
| 11:20 | AiM | Fubuki's Best Friend · first_building Barracks |
| 11:26 | NPG | DR@CA · wall_segment Palisade Wall x7 |
| 11:27 | AiM | PoRRo · first_building Barracks |
| 11:30 | NPG | Vacuno! · wall_segment Palisade Wall x7 |
| 11:36 | AiM | CyclopsTron · first_building Barracks |
| 11:41 | AiM | PoRRo · wall_segment Palisade Wall x1 |
| 11:43 | AiM | PoRRo · wall_segment Palisade Wall x1 |
| 11:45 | AiM | PoRRo · wall_segment Palisade Wall x1 |
| 11:46 | AiM | PoRRo · wall_segment Palisade Wall x1 |
| 12:03 | AiM | PoRRo · wall_segment Palisade Wall x1 |
| 12:05 | AiM | PoRRo · wall_segment Palisade Wall x1 |
| 12:08 | Shimishi Maki · first_building Barracks |
| 12:16 | AiM | CyclopsTron · wall_segment Palisade Wall x1 |
| 12:17 | AiM | CyclopsTron · wall_segment Palisade Wall x1 |
| 12:31 | AiM | PoRRo · wall_segment Palisade Wall x6 |
| 12:35 | AiM | PoRRo · wall_segment Palisade Wall x3 |
| 12:38 | AiM | CyclopsTron · age_up feudal |
| 12:41 | AiM | CyclopsTron · first_building Archery Range |
| 12:46 | AiM | Fubuki's Best Friend · age_up feudal |
| 12:50 | AiM | Fubuki's Best Friend · first_building Archery Range |
| 12:50 | Shimishi Maki · age_up feudal |
| 12:53 | NPG | Bandio · wall_segment Palisade Wall x2 |
| 12:55 | AiM | PoRRo · wall_segment Palisade Wall x1 |
| 12:56 | AiM | PoRRo · wall_segment Palisade Wall x1 |
| 13:02 | AiM | PoRRo · wall_segment Palisade Wall x1 |
| 13:04 | AiM | PoRRo · wall_segment Palisade Wall x1 |
| 13:05 | AiM | CyclopsTron · wall_segment Palisade Wall x1 |
| 13:14 | Shimishi Maki · wall_segment Palisade Wall x8 |
| 13:19 | Shimishi Maki · first_building Archery Range |
| 13:23 | AiM | PoRRo · age_up feudal |
| 13:24 | AiM | PoRRo · wall_segment Palisade Wall x6 |
| 13:25 | NPG | Vacuno! · wall_segment Palisade Wall x1 |
| 13:25 | NPG | Vacuno! · wall_segment Palisade Wall x1 |
| 13:27 | NPG | DR@CA · wall_segment Palisade Wall x1 |
| 13:28 | NPG | Vacuno! · wall_segment Palisade Wall x11 |
| 13:29 | AiM | PoRRo · first_building Archery Range |
| 13:35 | NPG | Vacuno! · first_building Barracks |
| 13:46 | AiM | CyclopsTron · wall_segment Palisade Wall x4 |
| 13:48 | AiM | Agua Cate 98 · wall_segment Palisade Wall x1 |
| 13:49 | AiM | Agua Cate 98 · wall_segment Palisade Wall x1 |
| 13:50 | NPG | DR@CA · wall_segment Palisade Wall x2 |
| 13:51 | AiM | Agua Cate 98 · wall_segment Palisade Wall x1 |
| 13:59 | NPG | Vacuno! · age_up feudal |
| 14:02 | AiM | Fubuki's Best Friend · wall_segment Palisade Wall x5 |
| 14:03 | Shimishi Maki · wall_segment Palisade Wall x1 |
| 14:05 | Shimishi Maki · wall_segment Palisade Wall x1 |
| 14:05 | Shimishi Maki · wall_segment Palisade Wall x1 |
| 14:07 | AiM | Fubuki's Best Friend · wall_segment Palisade Wall x5 |
| 14:11 | AiM | Agua Cate 98 · age_up feudal |
| 14:16 | NPG | Vacuno! · first_building Archery Range |
| 14:22 | NPG | DR@CA · wall_segment Palisade Wall x1 |
| 14:23 | AiM | Agua Cate 98 · first_building Stable |
| 14:28 | NPG | DR@CA · age_up feudal |
| 14:41 | NPG | DR@CA · first_building Archery Range |
| 14:44 | NPG | Bandio · wall_segment Palisade Wall x12 |
| 14:44 | AiM | Agua Cate 98 · wall_segment Palisade Wall x1 |
| 14:45 | NPG | Bandio · wall_segment Palisade Wall x5 |
| 14:47 | AiM | Agua Cate 98 · wall_segment Palisade Wall x1 |
| 15:06 | AiM | Fubuki's Best Friend · wall_segment Palisade Wall x1 |
| 15:27 | AiM | Fubuki's Best Friend · wall_segment Palisade Wall x1 |
| 15:31 | NPG | Vacuno! · wall_segment Palisade Wall x1 |
| 15:33 | AiM | Agua Cate 98 · wall_segment Palisade Wall x1 |
| 15:33 | NPG | DR@CA · wall_segment Palisade Wall x1 |
| 15:37 | NPG | Vacuno! · wall_segment Palisade Wall x1 |
| 15:44 | AiM | CyclopsTron · wall_segment Palisade Wall x7 |
| 15:48 | AiM | CyclopsTron · wall_segment Palisade Wall x3 |
| 17:44 | NPG | Vacuno! · age_up castle |
| 17:46 | Shimishi Maki · wall_segment Palisade Wall x7 |
| 17:47 | Shimishi Maki · wall_segment Palisade Wall x1 |
| 17:58 | AiM | Agua Cate 98 · wall_segment Palisade Wall x1 |
| 18:01 | Shimishi Maki · wall_segment Palisade Wall x1 |
| 18:01 | Shimishi Maki · wall_segment Palisade Wall x1 |
| 18:02 | Shimishi Maki · wall_segment Palisade Wall x1 |
| 18:02 | AiM | CyclopsTron · wall_segment Palisade Wall x1 |
| 18:11 | AiM | Agua Cate 98 · first_market_sell 100 stone |
| 18:17 | Shimishi Maki · wall_segment Palisade Wall x8 |
| 18:19 | Shimishi Maki · wall_segment Palisade Wall x4 |
| 18:22 | AiM | Agua Cate 98 · first_market_buy 100 food |
| 18:37 | AiM | Agua Cate 98 · age_up castle |
| 19:03 | AiM | PoRRo · first_market_buy 100 stone |
| 19:55 | NPG | Vacuno! · first_building Siege Workshop |
| 20:02 | AiM | PoRRo · first_market_sell 100 wood |
| 20:15 | NPG | DR@CA · first_building Stable |
| 22:10 | AiM | Fubuki's Best Friend · wall_segment Palisade Wall x1 |
| 22:12 | AiM | Fubuki's Best Friend · wall_segment Palisade Wall x1 |
| 22:14 | Shimishi Maki · wall_segment Palisade Wall x1 |
| 22:14 | Shimishi Maki · wall_segment Palisade Wall x1 |
| 22:47 | Shimishi Maki · first_market_buy 100 food |
| 22:52 | AiM | Fubuki's Best Friend · wall_segment Palisade Wall x1 |
| 22:53 | AiM | Fubuki's Best Friend · wall_segment Palisade Wall x1 |
| 22:55 | AiM | Fubuki's Best Friend · wall_segment Palisade Wall x1 |
| 22:58 | AiM | Agua Cate 98 · first_building Monastery |
| 23:00 | AiM | Fubuki's Best Friend · wall_segment Palisade Wall x1 |
| 23:10 | AiM | CyclopsTron · wall_segment Palisade Wall x9 |
| 23:19 | Shimishi Maki · first_market_sell 100 wood |
| 23:53 | NPG | Bandio · first_market_buy 100 food |
| 24:00 | Shimishi Maki · wall_segment Palisade Wall x4 |
| 24:20 | NPG | Bandio · wall_segment Palisade Wall x14 |
| 24:22 | AiM | CyclopsTron · wall_segment Palisade Wall x2 |
| 24:25 | NPG | DR@CA · age_up castle |
| 24:52 | AiM | Fubuki's Best Friend · first_market_sell 100 wood |
| 24:55 | AiM | Fubuki's Best Friend · first_market_buy 100 food |
| 24:55 | AiM | CyclopsTron · wall_segment Palisade Wall x24 |
| 24:57 | AiM | PoRRo · age_up castle |
| 25:08 | NPG | Bandio · wall_segment Palisade Wall x1 |
| 25:09 | NPG | Bandio · wall_segment Palisade Wall x1 |
| 25:10 | NPG | Bandio · wall_segment Palisade Wall x1 |
| 25:48 | AiM | PoRRo · first_building Siege Workshop |
| 26:07 | Shimishi Maki · age_up castle |
| 26:31 | Shimishi Maki · first_building Monastery |
| 26:41 | NPG | Bandio · age_up castle |
| 26:46 | AiM | PoRRo · first_building Stable |
| 27:01 | Shimishi Maki · wall_segment Stone Wall x1 |
| 27:04 | Shimishi Maki · wall_segment Stone Wall x1 |
| 27:16 | Shimishi Maki · first_building Castle |
| 27:29 | Shimishi Maki · wall_segment Stone Wall x1 |
| 27:34 | AiM | CyclopsTron · first_market_sell 100 wood |
| 27:46 | Shimishi Maki · wall_segment Stone Wall x1 |
| 28:06 | Shimishi Maki · wall_segment Stone Wall x1 |
| 28:08 | Shimishi Maki · wall_segment Stone Wall x1 |
| 30:22 | NPG | Vacuno! · first_building Castle |
| 30:31 | AiM | Fubuki's Best Friend · age_up castle |
| 30:43 | AiM | CyclopsTron · wall_segment Stone Wall x1 |
| 31:08 | AiM | CyclopsTron · wall_segment Palisade Wall x1 |
| 31:33 | AiM | Fubuki's Best Friend · first_building Castle |
| 31:56 | AiM | CyclopsTron · age_up castle |
| 32:44 | NPG | Vacuno! · first_building Stable |
| 32:46 | Shimishi Maki · first_building Siege Workshop |
| 32:51 | NPG | Vacuno! · first_market_sell 100 food |
| 32:52 | NPG | Vacuno! · first_market_buy 100 stone |
| 34:14 | AiM | CyclopsTron · resign |
[ AI ANALYSIS · 1 CREDIT ]
What really happened in this match?
Wolo.gg analyzes every decision: build order, eco, micro, common mistakes by bracket. Personalized analysis on WhatsApp or Discord in 30 seconds.
Civ guide
Vietnamese
Perfil
Jugador #1830062